 Dungeon Crawl Stone Soup version 0.30-a0-322-g102857c98e (webtiles) character file.

Game seed: 15129676119667174970

180 billz999 the Ogre Mage (level 5, -3/45 HPs)
             Began as an Ogre Air Elementalist on Oct 28, 2022.
             Slain by a water moccasin (7 damage)
             ... in a sewer.
             The game lasted 00:05:35 (2566 turns).

billz999 the Ogre Mage (Ogre Air Elementalist)      Turns: 2566, Time: 00:05:35

Health: -3/45      AC:  3    Str: 12    XL:     5   Next: 60%
Magic:  0/10       EV: 10    Int: 18    God:
Gold:   115        SH:  0    Dex:  9    Spells: 7/10 levels left

rFire   . . .      SeeInvis .    h - +0 mace
rCold   . . .      Faith    .    (no shield)
rNeg    . . .      Spirit   .    a - +0 robe
rPois   .          Reflect  .    (helmet restricted)
rElec   .          Harm     .    (no cloak)
rCorr   .          Rampage  .    (gloves unavailable)
Will    .....                    (boots unavailable)
Stlth   ++........               (no amulet)
HPRegen 0.27/turn                c - ring of wizardry
MPRegen 0.12/turn                (no ring)

@: mighty, lethally poisoned (-3 -> -14), attractive
A: large, unfitting armour, tough skin 1
a: no special abilities


You were in a sewer.
You visited 1 branch of the dungeon, and saw 4 of its levels.
You also visited: Sewer.

You collected 115 gold pieces.

Inventory:

Hand Weapons
 h - a +0 mace (weapon)
Missiles
 e - 5 datura-tipped darts
Armour
 a - a +0 robe (worn)
Jewellery
 c - a ring of wizardry (left hand)
Scrolls
 d - a scroll of identify {unknown}
 f - a scroll of fear {unknown}
 g - a scroll of amnesia {unknown}
 i - a scroll of immolation {unknown}
 k - 2 scrolls of enchant weapon {unknown}
 p - 2 scrolls of vulnerability {unknown}
 q - a scroll of brand weapon {unknown}
Potions
 b - 2 potions of magic
 m - 2 potions of haste
 o - a potion of curing {unknown}


   Skills:
 + Level 2.7 Dodging
 + Level 2.3 Stealth
 + Level 3.4 Spellcasting
 + Level 2.1 Conjurations
 + Level 3.4 Air Magic


You had 7 spell levels left.
You knew the following spells:

 Your Spells              Type           Power      Damage    Failure   Level
a - Shock                 Conj/Air       52%        1d6       1%          1
b - Static Discharge      Conj/Air       26%        2-4/arc   3%          2

Your spell library contained the following spells:

 Spells                   Type           Power      Damage    Failure   Level
 Swiftness                Air            15%        N/A       4%          3
 Airstrike                Air            7%         2d(2-18)  16%         4


Dungeon Overview and Level Annotations

Branches:
Dungeon (5/15)              Sewer (1/1)
 Temple: D:4-7

Altars:


Innate Abilities, Weirdness & Mutations

You are too large for most types of armour.
You have tough skin. (AC +1)


Message History

The water moccasin closely misses you.
Casting: Static Discharge (safe; 3% risk of failure)
Confirm with . or Enter, or press ? or * to list all spells.
Aiming: Shock (safe; 1% risk of failure)
Press: ? - help, Shift-Dir - straight line The zap misses the water moccasin.
You feel sick. The water moccasin bites you.
You are lethally poisoned!
The water moccasin poisons you!
It was a potion of attraction.
You feel attractive to monsters.
You feel very sick. The water moccasin bites you.
You are more poisoned.
The water moccasin poisons you! The water moccasin bites you.
* * * LOW HITPOINT WARNING * * *
It was a potion of heal wounds.
You feel much better.
You feel extremely sick. The water moccasin bites you!
Casting: Shock (safe; 1% risk of failure)
Confirm with . or Enter, or press ? or * to list all spells.
Aiming: Shock (safe; 1% risk of failure)
Press: ? - help, Shift-Dir - straight line The zap hits the water moccasin.
The water moccasin is almost dead.
You feel very sick. The water moccasin barely misses you.
Unknown command.
You barely miss the water moccasin.
The water moccasin is almost dead.
You feel very sick. The water moccasin bites you!
* * * LOW HITPOINT WARNING * * *
The water moccasin bites you.
* * * LOW HITPOINT WARNING * * *
It was a potion of might.
You feel very mighty all of a sudden.
* * * LOW HITPOINT WARNING * * *
You feel very sick. The water moccasin bites you!
You die...

# # # ######## ##
###.~..~.### .#
###..~.......###
.#
###..~.~####~@S..#
.###...~.###
###~.~.~#
.....~.~## #~~~~~.
~###.~..~# ...~##
.# ###.....# .##.?
.# ###....~ ## $
## ##.~.. # #### #


You could see a water moccasin.

Vanquished Creatures
  A hound (D:5)
  2 orc priests
  3 adders
  A river rat (D:5)
  2 dart slugs (D:1)
  4 orcs (D:4)
  7 ball pythons
  6 endoplasms
  2 giant cockroaches
  3 goblins
  4 hobgoblins
  4 kobolds
  A quokka (D:5)
  4 bats (D:1)
  2 frilled lizards
  2 rats (D:2)
48 creatures vanquished.

Notes
Turn   | Place    | Note
-------+----------+-------------------------------------------
     0 | D:1      | billz999 the Ogre Air Elementalist began the quest for the
                  | Orb.
     0 | D:1      | Reached XP level 1. HP: 16/16 MP: 3/3
    83 | D:1      | Reached skill level 1 in Conjurations
   375 | D:1      | Reached XP level 2. HP: 24/24 MP: 2/5
   918 | D:1      | Reached XP level 3. HP: 31/31 MP: 4/7
  1554 | D:2      | Found a faded altar of an unknown god.
  1705 | D:2      | Learned a level 2 spell: Static Discharge
  1887 | D:2      | You fall into a shaft and drop 2 floors!
  1892 | D:4      | Reached XP level 4. HP: 39/39 MP: 4/8
  2122 | D:4      | Noticed an ogre
  2145 | D:5      | Entered Level 5 of the Dungeon
  2290 | D:5      | Reached XP level 5. HP: 36/45 MP: 2/10
  2480 | D:5      | Found a glowing drain.
  2491 | Sewer    | Entered a sewer
  2553 | Sewer    | Noticed a water moccasin
  2566 | Sewer    | Slain by a water moccasin

Illustrated notes

Levels and vault maps discovered:
D:1:      roderic_chinese_lattice_arrival, layout_basic
D:2:      layout_basic, ebering_ecumenical_altar_abandoned, minmay_tetromino_l4
D:4:      layout_rooms, kennysheep_generic_room_8, uniq_grinder
D:5:      layout_gridville, nicolae_hepliaklqana_hazy_memory,
          mainiacjoe_overflow_boulevard, makhleb_blood_cavern_becter,
          serial_glass, glass_columns_a, glass_columns_c, item_on_display_a,
          feat_on_display, serial_shops, nicolae_shop_behind_doors,
          cheibrodos_sewer_entry_sluice
Sewer:    sewer_the_moccasin

Skill      XL: |  1  2  3  4 |
---------------+-------------+-----
Conjurations   | 1 2 |  2.1
Dodging        | 2 |  2.7
Air Magic      | 3 |  3.4
Spellcasting   | 3 |  3.4
Stealth        | 2 |  2.3

Action                   |  1- 3 |  4- 6 || total
-------------------------+-------+-------++-------
Melee: Mace              |    18 |     8 ||    26
 Cast: Shock             |    64 |    53 ||   117
       Static Discharge  |       |     3 ||     3
  Use: Potion            |       |     3 ||     3
 Stab: Sleeping          |     1 |       ||     1
Armor: Robe              |     5 |     6 ||    11
Dodge: Dodged            |    19 |    19 ||    38

Table legend: (Time is in decaauts)
 A = Elapsed time spent in this place.
 B = Non-inter-level travel time spent in this place.
 C = Inter-level travel time spent in this place.
 D = Time resting spent in this place.
 E = Time spent auto-exploring this place.
 F = Levels seen in this place.
 G = Mean time per level.
                   A        B        C        D        E       F      G
               +--------+--------+--------+--------+--------+-----+--------+
         Total |   2578 |   2482 |     96 |    236 |   1934 |   5 |  515.6 |
       Dungeon |   2500 |   2404 |     96 |    236 |   1871 |   4 |  625.0 |
         Sewer |     77 |     77 |      0 |      0 |     63 |   1 |   77.0 |
               +--------+--------+--------+--------+--------+-----+--------+

Top non-repeatable levels by time:
     D:1: 1398 daAuts
     D:2: 493 daAuts
     D:5: 334 daAuts
     D:4: 274 daAuts
   Sewer: 77 daAuts
